 Dungeon Crawl Stone Soup version 0.20-a0-1040-gfd09691 (webtiles) character file.

61 KarmaPolice the Charmwright (level 4, 0/35 HPs)
             Began as a Barachi Skald on Feb 16, 2017.
             Killed by divine providence
             ... invoked by an orc priest
              (9 damage)
             ... on level 3 of the Dungeon on Apr 23, 2017.
             The game lasted 00:10:43 (1653 turns).

KarmaPolice the Charmwright (Barachi Skald)         Turns: 1653, Time: 00:10:44

Health: 0/35       AC:  3    Str: 12    XL:     4   Next: 7%
Magic:  7/7        EV: 12    Int: 14    God:
Gold:   58         SH:  0    Dex: 12    Spells: 1/7 levels left

rFire    . . .     SeeInvis .   k - +2 mace (drain)
rCold    . . .     Gourm    .   (no shield)
rNeg     . . .     Faith    .   b - +0 leather armour
rPois    .         Spirit   .   (no helmet)
rElec    .         Reflect  .   (no cloak)
rCorr    .         Harm     .   (no gloves)
MR       .....                  (no boots)
Stlth    +.........             (no amulet)
Regen    0.2/turn               (no ring)
MPRegen  0.1/turn               (no ring)

@: lethally poisoned (0 -> -3), slow
A: +LOS, swims, slowness 1, strong legs 1
a: Hop


You were on level 3 of the Dungeon.
You were not hungry.

You visited 1 branch of the dungeon, and saw 3 of its levels.

You collected 58 gold pieces.

Inventory:

Hand Weapons
 a - a +0 falchion
 k - a +2 mace of draining (weapon)
 m - a +2 hunting sling of flaming
Armour
 b - a +0 leather armour (worn)
Jewellery
 w - an uncursed ring of protection from cold {unknown}
Scrolls
 e - a scroll of magic mapping {unknown}
 g - a scroll of immolation {unknown}
 l - a scroll of enchant armour {unknown}
 n - a scroll of fog {unknown}
 o - 2 scrolls of enchant weapon {unknown}
 p - a scroll of identify {unknown}
 r - a scroll of fear {unknown}
 s - 2 scrolls of teleportation {unknown}
 u - a scroll of remove curse {unknown}
Potions
 h - a potion of agility {unknown}
 i - 2 potions of mutation {unknown}
 j - a potion of ambrosia {unknown}
Books
 c - a book of Battle

   Spells                             Type                      Level
   a - Infusion                       Charms                       1
   b - Shroud of Golubria             Charms/Translocation         2
   c - Song of Slaying                Charms                       2
   d - Spectral Weapon                Hexes/Charms                 3
   e - Regeneration                   Charms/Necromancy            3
Comestibles
 d - 2 bread rations
 f - 3 royal jellies
 q - 8 chunks of flesh
 t - 11 fruits
 v - a meat ration


   Skills:
 + Level 3.4 Fighting
 - Level 3.0 Long Blades
 + Level 1.2 Maces & Flails
 - Level 1.2 Armour
 + Level 2.8 Dodging
 - Level 2.1 Spellcasting
 - Level 3.4 Charms
 + Level 0.8 Necromancy


You had one spell level left.
You knew the following spells:

 Your Spells              Type           Power        Failure   Level  Hunger
a - Infusion              Chrm           ##..         8%          1    #......
b - Shroud of Golubria    Chrm/Tloc      #.........   22%         2    ###....
c - Regeneration          Chrm/Necr      #.........   36%         3    ###....


Dungeon Overview and Level Annotations

Branches:
Dungeon (3/15)

Altars:
Fedhas


Innate Abilities, Weirdness & Mutations

Shadows flee at your approach. (+LOS)
You can swim through water.
You cover ground slowly.
You can hop short distances.


Message History

The adder barely misses you.
The orc priest miscasts a cantrip.
The adder closely misses you.
You see here 21 arrows.
The adder misses you. The adder bites you.
The adder bites you but does no damage. The adder bites you.
You are poisoned.
The adder poisons you! The adder barely misses you.
You feel sick.
The orc priest casts a cantrip, but nothing happens.
You feel sick. The adder closely misses you.
The orc priest invokes the aid of Beogh against you.
Beogh smites you!
* * * LOW HITPOINT WARNING * * *
The adder barely misses you.
The orc priest mumbles some strange prayers to Beogh against you.
Beogh smites you!
You die...

..# ..# #o#.##.# #.# #.#
#.#.##.## #.# #.#
##........ # #.# #.#
#S...#.#.. #. #.# ##.##
#.####...# #.###.##
#...####.###..... #......#
#.#....o.......##
###.##.####S.......###.###
#.##....@S.####..# #.#
#.##..###### #..# #.#
#.##..# #..# #.#
#.##..#########..# #.#
#.###<...........# #.# #.#
#.#########.####.# #.###.#
#......# #.....# ########
#######


You could see an orc priest and 2 adders.

Vanquished Creatures
  2 adders
  3 worms (D:2)
  A leopard gecko (D:2)
  2 giant cockroaches (D:2)
  4 goblins
  2 hobgoblins (D:1)
  4 jackals
  A quokka (D:2)
  A ball python (D:2)
  2 bats
  A frilled lizard (D:2)
  5 kobolds
  8 rats
36 creatures vanquished.

Notes
Turn   | Place    | Note
-------+----------+-------------------------------------------
     0 | D:1      | KarmaPolice the Barachian Skald began the quest for the Orb.
     0 | D:1      | Reached XP level 1. HP: 16/16 MP: 3/3
    39 | D:1      | Upgraded the game from 0.20-a0-656-g9b0dcd9 to 0.20-a0-1040-gfd09691
   193 | D:1      | Reached XP level 2. HP: 22/23 MP: 5/5
   367 | D:1      | Learned a level 2 spell: Shroud of Golubria
  1030 | D:2      | Reached XP level 3. HP: 25/29 MP: 0/6
  1135 | D:2      | Learned a level 3 spell: Regeneration
  1485 | D:2      | Found a blossoming altar of Fedhas.
  1528 | D:2      | Reached skill level 1 in Maces & Flails
  1565 | D:3      | Reached XP level 4. HP: 35/35 MP: 7/7
  1653 | D:3      | Killed from afar by an orc priest

Vault maps used:
D:1:      dpeg_arrival_boxes_within_box, minmay_pentomino_r2
D:2:      hangedman_decor_diamond_cutter, fedhas_altar_fruit_tree

Skill      XL: |  1  2  3 |
---------------+----------+-----
Long Blades    | 3 |  3.0
Fighting       | 3 |  3.4
Maces & Flails | 1 |  1.2
Armour         | |  1.2
Dodging        | |  2.8
Spellcasting   | |  2.1
Charms         | |  3.4
Necromancy     | |  0.8

Action                   |  1- 3 |  4- 6 || total
-------------------------+-------+-------++-------
Melee: Falchion          |    51 |       ||    51
       Mace              |    60 |     2 ||    62
 Cast: Infusion          |     6 |       ||     6
       Shroud of Golubri |     1 |       ||     1
  Eat: Chunk             |     3 |       ||     3
Armor: Leather armour    |    21 |     2 ||    23
Dodge: Dodged            |    95 |     8 ||   103
       Rpst.: Falchion   |    14 |       ||    14
